 Dungeon Crawl Stone Soup version 0.30.0-29-ga12c61a403 (webtiles) character file.

Game seed: 4620335866820005736

37 safid the Chiller (level 3, -3/27 HPs)
             Began as a Merfolk Ice Elementalist on June 22, 2023.
             Slain by Jessica
             ... wielding a +0 club
              (6 damage)
             ... on level 2 of the Dungeon.
             The game lasted 00:01:14 (807 turns).

safid the Chiller (Merfolk Ice Elementalist)         Turns: 807, Time: 00:01:14

Health: -3/27      AC:  2    Str:  8    XL:     3   Next: 41%
Magic:  2/6        EV: 12    Int: 16    God:
Gold:   56         SH:  0    Dex: 14    Spells: 6/7 levels left

rFire   . . .        e - +0 dagger
rCold   . . .        (no shield)
rNeg    . . .        a - +0 robe
rPois   .            (no helmet)
rElec   .            (no cloak)
rCorr   .            (no gloves)
SInv    .            (no boots)
Will    .....        (no amulet)
Stlth   ++           (no ring)
HPRegen 0.24/turn    (no ring)
MPRegen 0.10/turn

%: no passive effects
@: lethally poisoned (-3 -> -6), hasted, very quick
A: (nimble swimmer 2), mertail
a: no special abilities


You were on level 2 of the Dungeon.
You visited 1 branch of the dungeon, and saw 2 of its levels.

You collected 56 gold pieces.

Inventory:

Hand Weapons
 e - a +0 dagger (weapon)
Armour
 a - a +0 robe (worn)
Scrolls
 c - a scroll of identify {unknown}
 d - 2 scrolls of noise {unknown}
 h - a scroll of vulnerability {unknown}
 i - a scroll of amnesia {unknown}
Potions
 b - a potion of magic
 g - a potion of ambrosia {unknown}
 j - a potion of attraction {unknown}


   Skills:
 + Level 1.6 Fighting
 - Level 2.6 Dodging
 - Level 2.1 Stealth
 + Level 2.5 Spellcasting
 + Level 4.8 Ice Magic


You had 6 spell levels left.
You knew the following spells:

 Your Spells              Type           Power      Damage    Failure   Level
a - Freeze                Ice            68%        1d8       2%          1

Your spell library contained the following spells:

 Spells                   Type           Power      Damage    Failure   Level
 Frozen Ramparts          Ice            34%        1d6       8%          3
 Ozocubu's Armour         Ice            17%        N/A       8%          3
 Gell's Gravitas          Tloc           2%         N/A       52%         3
 Teleport Other           Tloc           2%         N/A       52%         3
 Summon Ice Beast         Ice/Summ       9%         N/A       58%         4
 Animate Armour           Summ/Erth      4%         N/A       89%         4
 Summon Mana Viper        Hex/Summ       2%         N/A       99%         5
 Dispersal                Tloc           1%         N/A       100%        6
 Summon Horrible Things   Summ           1%         N/A       100%        8


Dungeon Overview and Level Annotations

Branches:
Dungeon (2/15)

Altars:
Wu Jian

Annotations:
D:2 Jessica


Innate Abilities, Weirdness & Mutations

((You are very nimble when in or above water. (Stealth+, EV+, Speed+++)))
Your lower body shifts to a powerful aquatic tail in water.


Message History

Press: ? - help, Shift-Dir - straight line, f - frilled lizard
Aim: a frilled lizard You freeze the frilled lizard.
You kill the frilled lizard!
You feel sick. The adder barely misses you.
Unknown command.
Casting: Freeze (safe; 2% risk of failure)
Confirm with . or Enter, or press ? or * to list all spells.
Aiming: Freeze (safe; 2% risk of failure)
Press: ? - help, Shift-Dir - straight line, f - adder
Aim: an adder (moderately wounded)
You freeze the adder.
The adder is heavily wounded.
The adder seems to slow down.
You feel sick. The adder bites you.
You are more poisoned.
The adder poisons you!
Casting: Freeze (safe; 2% risk of failure)
Confirm with . or Enter, or press ? or * to list all spells.
Aiming: Freeze (safe; 2% risk of failure)
Press: ? - help, Shift-Dir - straight line, f/p - adder
Aim: an adder (heavily wounded, slow)
You freeze the adder.
The adder is severely wounded.
The adder seems to slow down.
You feel sick. Jessica completely misses you. The adder bites you.
Jessica hits you with a +0 club.
* * * LOW HITPOINT WARNING * * *
Casting: Freeze (safe; 2% risk of failure)
Confirm with . or Enter, or press ? or * to list all spells.
Aiming: Freeze (safe; 2% risk of failure)
Press: ? - help, Shift-Dir - straight line, f/p - adder
Aim: an adder (severely wounded, slow)
You freeze the adder.
You kill the adder!
* * * LOW HITPOINT WARNING * * *
You feel sick. Jessica closely misses you.
Unknown command.
It was a potion of haste.
You feel yourself speed up.
* * * LOW HITPOINT WARNING * * *
You feel sick. Jessica hits you with a +0 club.
You die...

r......##.# .......#..##.
.. ..._.....###. #.#.# ..
.......#...#.###.#.#....
...$....[........#.#.....
.#....!....#.#..#..#
...................#
#...†............##
#.g@@............
...J..............#
.###.........#....#
#......!!.#....#
...............(#
.............#.###
#.######.#.#<.#^# #.
#...#..#.####
g...#.....†..#


You could see Jessica (fast), an endoplasm and a hobgoblin.

Vanquished Creatures
  An adder (D:2)
  A worm (D:2)
  3 dart slugs (D:1)
  2 ball pythons (D:1)
  4 bats (D:1)
  3 endoplasms (D:1)
  A hobgoblin (D:1)
  A kobold (D:1)
  4 frilled lizards
  2 rats (D:1)
22 creatures vanquished.

Notes
Turn   | Place    | Note
-------+----------+-------------------------------------------
     0 | D:1      | safid the Merfolk Ice Elementalist began the quest for the
                  | Orb.
     0 | D:1      | Reached XP level 1. HP: 13/13 MP: 3/3
   152 | D:1      | Reached XP level 2. HP: 15/20 MP: 5/5
   161 | D:1      | Reached skill level 1 in Fighting
   320 | D:1      | Got the Volume of the Mob
   515 | D:1      | Reached XP level 3. HP: 13/26 MP: 4/6
   733 | D:2      | Found an ornate altar of the Wu Jian Council.
   796 | D:2      | Noticed Jessica
   807 | D:2      | Slain by Jessica

Illustrated notes

Levels and vault maps discovered:
D:1:      kennysheep_arrival_seaside, layout_rooms
D:2:      layout_rooms, basic_altar, ebering_ecumenical_altar_abandoned,
          uniq_jessica

Skill      XL: |  1  2 |
---------------+-------+-----
Fighting       | 1 |  1.6
Dodging        | |  2.6
Stealth        | |  2.1
Spellcasting   | |  2.5
Ice Magic      | |  4.8

Action                     || total
---------------------------++-------
  Melee: Dagger            ||    79
         Unarmed           ||     1
   Cast: Freeze            ||    10
    Use: Potion            ||     1
   Stab: Sleeping          ||     5
 Armour: Robe              ||    21
  Dodge: Dodged            ||    60
